 Dungeon Crawl Stone Soup version 0.30-a0-377-g5cb311b (webtiles) character file.

Game seed: 16148463233207390320

1057 EnvyF the Basher (level 8, -1/58 HPs)
             Began as a Formicid Fighter on Nov 30, 2022.
             Slain by an orc warrior
             ... wielding a +0 battleaxe
              (10 damage)
             ... on level 6 of the Dungeon.
             The game lasted 00:13:48 (2899 turns).

EnvyF the Basher (Formicid Fighter)                 Turns: 2899, Time: 00:13:48

Health: -1/58      AC: 12    Str: 23    XL:     8   Next: 51%
Magic:  8/8        EV:  5    Int:  8    God:
Gold:   253        SH: 14    Dex: 13    Spells: 7/7 levels left

rFire   . . .      SeeInvis +    e - +4 whip (elec)
rCold   . . .      Faith    .    m - +0 kite shield
rNeg    . . .      Spirit   .    z - +0 plate armour
rPois   .          Reflect  +    (helmet unavailable)
rElec   .          Harm     .    o - +0 cloak
rCorr   +          Rampage  .    (no gloves)
Will    .....                    (no boots)
Stlth   ..........               k - amulet of reflection
HPRegen 0.29/turn                b - ring of resist corrosion
MPRegen 0.11/turn                (no ring)

@: no status effects
A: permanent stasis, dig shafts and tunnels, antennae 3, four strong arms
a: Dig, Shaft Self


You were on level 6 of the Dungeon.
You visited 1 branch of the dungeon, and saw 6 of its levels.

You collected 253 gold pieces.

Inventory:

Hand Weapons
 e - a +4 whip of electrocution (weapon)
Armour
 m - a +0 kite shield (worn)
 o - a +0 cloak (worn)
 z - a +0 plate armour (worn)
Jewellery
 b - a ring of resist corrosion (left hand)
 k - an amulet of reflection (around neck)
Wands
 p - a wand of paralysis (5)
 t - a wand of polymorph (7)
 y - a wand of flame (11)
Scrolls
 c - a scroll of immolation {unknown}
 f - 6 scrolls of identify
 g - a scroll of teleportation {unknown}
 j - a scroll of noise {unknown}
 l - a scroll of butterflies {unknown}
 r - a scroll of enchant armour {unknown}
 u - a scroll of poison {unknown}
 v - a scroll of torment {unknown}
 w - a scroll of fear {unknown}
 A - a scroll of vulnerability {unknown}
 B - 2 scrolls of acquirement {unknown}
Potions
 a - 2 potions of berserk rage
 d - a potion of might
 h - 4 potions of invisibility
 i - a potion of haste {unknown}
 q - 3 potions of degeneration {unknown}
 s - a potion of lignification
 x - a potion of mutation
 C - 2 potions of curing


   Skills:
 - Level 3.2 Fighting
 + Level 9.2(9.3) Maces & Flails
 - Level 1.3(1.9) Polearms
 - Level 2.0(6.2) Staves
 - Level 3.2 Armour
 - Level 4.0 Shields


You had 7 spell levels left.
You didn't know any spells.
Your spell library contained the following spells:

 Spells                   Type           Power      Damage    Failure   Level
 Airstrike                Air            0%         2d(0-16)  100%        4
 Summon Lightning Spire   Summ/Air       0%         N/A       100%        4
 Lightning Bolt           Conj/Air       0%         1d11      100%        5


Dungeon Overview and Level Annotations

Branches:
Dungeon (7/15)
 Temple: D:4-7

Altars:
Elyvilon
Makhleb


Innate Abilities, Weirdness & Mutations

You cannot be hasted, slowed, berserked, paralysed or teleported.
You can dig through walls and to a lower floor.
You have a pair of large antennae on your head. (SInv)
Your four strong arms can wield two-handed weapons with a shield.


Message History

The orc barely misses you.
You barely miss the orc priest.
The orc priest is heavily wounded.
The orc warrior hits you with a +0 battleaxe!
* * * LOW HITPOINT WARNING * * *
You block the orc priest's attack. The orc closely misses you.
You hit the orc priest.
Lightning courses through the orc priest!
You kill the orc priest!
The orc warrior hits you but does no damage.
The orc hits you but does no damage.
You closely miss the orc. You hit the orc. Lightning courses through the orc!
You kill the orc!
The orc hits you but does no damage. You block the orc warrior's attack.
You block the orc warrior's attack.
The orc throws a boomerang.
You reflect the boomerang off an invisible shield around you!
The boomerang hits the orc.
Things that are here:
a +0 hand axe; a +0 dagger; a +0 chain mail You hit the orc warrior.
The orc warrior is lightly wounded.
The orc warrior hits you with a +0 battleaxe!
* * * LOW HITPOINT WARNING * * *
You hit the orc warrior but do no damage.
The orc warrior is lightly wounded.
You block the orc warrior's attack.
You hit the orc warrior but do no damage.
The orc warrior is lightly wounded.
You block the orc warrior's attack.
You whack the orc warrior!
The orc warrior is moderately wounded.
You hit the orc warrior but do no damage.
The orc warrior is moderately wounded.
The orc warrior hits you with a +0 battleaxe.
* * * LOW HITPOINT WARNING * * *
You closely miss the orc warrior.
The orc warrior is moderately wounded.
The orc warrior hits you with a +0 battleaxe!
You die...

##########
#.....@oo#
#.#.######)#
....oo..#.#.#
#.#
........#.#.#
#.# ..{....
#.#.# #.#
...... #.#.#
#.# {{{.{{
#.#.# #.#
#{o{{
#.#.######.##
##{###
#...o.......#


You could see an orc warrior and an orc.

Vanquished Creatures
  Sigmund (D:4)
  Eustachio (D:4)
  Duvessa (D:4)
  A centaur (D:4)
  A phantom (D:3)
  A scorpion (D:4)
  Dowan (D:4)
  A howler monkey (D:4)
  Crazy Yiuf (D:2)
  An orc priest (D:6)
  2 orc wizards (D:6)
  2 iguanas (D:4)
  Robin (D:4)
  8 adders
  3 gnolls (D:4)
  3 worms (D:2)
  3 dart slugs
  3 orcs
  5 endoplasms
  2 giant cockroaches
  10 goblins
  11 hobgoblins
  2 kobolds
  2 quokkas
  7 ball pythons
  4 bats
  A frilled lizard (D:3)
  6 rats
85 creatures vanquished.

Notes
Turn   | Place    | Note
-------+----------+-------------------------------------------
     0 | D:1      | EnvyF the Formicid Fighter began the quest for the Orb.
     0 | D:1      | Reached XP level 1. HP: 18/18 MP: 1/1
    53 | D:1      | Reached skill level 1 in Polearms
    81 | D:1      | Reached XP level 2. HP: 24/24 MP: 2/2
   149 | D:1      | Reached skill level 1 in Maces & Flails
   681 | D:2      | Reached skill level 2 in Maces & Flails
   681 | D:2      | Reached XP level 3. HP: 25/29 MP: 3/3
   819 | D:2      | Reached XP level 4. HP: 35/35 MP: 4/4
   979 | D:2      | Reached skill level 3 in Maces & Flails
  1251 | D:2      | Found a runed translucent door.
  1252 | D:2      | Noticed Crazy Yiuf
  1256 | D:2      | Killed Crazy Yiuf
  1257 | D:2      | Reached skill level 4 in Maces & Flails
  1257 | D:2      | Reached XP level 5. HP: 41/41 MP: 5/5
  1403 | D:3      | Noticed a phantom
  1493 | D:3      | Killed a phantom
  1494 | D:3      | Reached skill level 5 in Maces & Flails
  1494 | D:3      | Reached XP level 6. HP: 40/47 MP: 6/6
  1954 | D:4      | Noticed Robin
  1964 | D:4      | Killed Robin
  2043 | D:4      | Noticed Sigmund
  2064 | D:4      | Killed Sigmund
  2065 | D:4      | Reached skill level 6 in Maces & Flails
  2065 | D:4      | Reached XP level 7. HP: 31/52 MP: 7/7
  2165 | D:4      | Noticed Eustachio
  2174 | D:4      | Killed Eustachio
  2175 | D:4      | Reached skill level 7 in Maces & Flails
  2227 | D:4      | Noticed Duvessa
  2227 | D:4      | Noticed Dowan
  2248 | D:4      | Killed Duvessa
  2257 | D:4      | Killed Dowan
  2258 | D:4      | Reached skill level 8 in Maces & Flails
  2258 | D:4      | Reached XP level 8. HP: 40/58 MP: 8/8
  2397 | D:4      | Found a burning altar of Makhleb.
  2749 | D:4      | You fall into a shaft and drop 3 floors!
  2769 | D:7      | Found a white marble altar of Elyvilon.
  2848 | D:6      | Reached skill level 9 in Maces & Flails
  2899 | D:6      | Slain by an orc warrior

Illustrated notes

Levels and vault maps discovered:
D:1:      lightli_arrival_lavapool, layout_basic
D:2:      layout_basic, uniq_crazy_yiuf_cottage
D:3:      layout_rooms, chequers_serial_rivers_room_a
D:4:      layout_loops_ring, kennysheep_mini, minmay_ogre_servants,
          uniq_sigmund, uniq_eustachio, uniq_duvessa, uniq_robin
D:6:      layout_basic
D:7:      layout_rooms, nicolae_elyvilon_peaceful_grove, serial_shops, shop,
          nicolae_shop_statue_plus, nicolae_take_the_stairs,
          serial_corexii_hall, chequers_hall_statues_y, corexii_hall_statues_i,
          grunt_decor_arrowhead, nicolae_shop_fire_sale [nicolae_sub_dead_trees]

Skill      XL: |  1  2  3  4  5  6  7  8 |
---------------+-------------------------+-----
Polearms       | 1 |  1.3
Maces & Flails | 2 4 5 6 8 9 |  9.2
Fighting       | |  3.2
Staves         | |  2.0
Armour         | |  3.2
Shields        | |  4.0

Action                   |  1- 3 |  4- 6 |  7- 9 || total
-------------------------+-------+-------+-------++-------
Melee: Quarterstaff      |     9 |       |       ||     9
       Whip              |    55 |   133 |   100 ||   288
 Abil: Dig               |       |       |     2 ||     2
  Use: Scroll            |       |       |     4 ||     4
       Potion            |       |       |     1 ||     1
Armor: Scale mail        |    21 |    29 |     6 ||    56
       Plate armour      |       |       |    31 ||    31
Dodge: Dodged            |    14 |    30 |    13 ||    57
Block: Buckler           |    15 |       |       ||    15
       Kite shield       |    14 |    83 |    65 ||   162
       Reflection        |       |     2 |     3 ||     5

Table legend: (Time is in decaauts)
 A = Elapsed time spent in this place.
 B = Non-inter-level travel time spent in this place.
 C = Inter-level travel time spent in this place.
 D = Time resting spent in this place.
 E = Time spent auto-exploring this place.
 F = Levels seen in this place.
 G = Mean time per level.
                   A        B        C        D        E       F      G
               +--------+--------+--------+--------+--------+-----+--------+
         Total |   2883 |   2806 |     77 |      0 |   2034 |   6 |  480.5 |
       Dungeon |   2883 |   2806 |     77 |      0 |   2034 |   6 |  480.5 |
               +--------+--------+--------+--------+--------+-----+--------+

Top non-repeatable levels by time:
     D:2: 817 daAuts
     D:4: 797 daAuts
     D:1: 640 daAuts
     D:3: 485 daAuts
     D:6: 91 daAuts
     D:7: 51 daAuts
